 Dungeon Crawl Stone Soup version 0.19-a0-749-g66ae36b (webtiles) character file.

7512 tyvek the Cleaver (level 10, -2/93 HPs)
             Began as a Minotaur Berserker on June 25, 2016.
             Was a High Priest of Trog.
             Slain by a rust devil (11 damage)
             ... summoned by a deep elf mage
             ... on level 10 of the Dungeon.
             The game lasted 00:19:53 (9243 turns).

tyvek the Cleaver (Minotaur Berserker)              Turns: 9243, Time: 00:19:53

Health: -2/93      AC: -2    Str: 23    XL:     10   Next: 95%
Magic:  9/9        EV:  5    Int:  5    God:    Trog [*****.]
Gold:   715        SH:  0    Dex: 11    Spells: 0 memorised, 9 levels left

rFire  . . .     SeeInvis .     a - +4 battleaxe
rCold  . . .     Gourm    .     n - +0 plate armour
rNeg   . . .     Faith    .     (shield currently unavailable)
rPois  +         Spirit   .     y - +0 hat
rElec  .         Dismiss  .     S - +2 cloak
rCorr  .         Reflect  .     t - +0 pair of gloves
SustAt .         Harm     .     Q - +1 pair of boots
MR     .....                    (no amulet)
Stlth  ..........               (no ring)
                                i - ring of poison resistance {rPois, !d}

@: exhausted, corroded, held, slowed, drained, very slow, not resistant to
hostile enchantments, extremely unstealthy
A: retaliatory headbutt, horns 2
a: Berserk, Trog's Hand, Brothers in Arms, Burn Spellbooks, Renounce Religion


You were on level 10 of the Dungeon.
You worshipped Trog.
Trog was extremely pleased with you.
You were very hungry.

You visited 1 branch of the dungeon, and saw 10 of its levels.
You also visited: Ossuary.

You collected 715 gold pieces.

Inventory:

Hand Weapons
 a - a +4 battleaxe (weapon)
   (You took it off a wight on level 8 of the Dungeon)
 b - a +3 flail of freezing
   (You took it off a wight on level 8 of the Dungeon)
Armour
 n - a +0 plate armour (worn)
   (You found it on level 3 of the Dungeon)
 t - a +0 pair of gloves (worn)
   (You found it on level 3 of the Dungeon)
 w - a +3 leather armour of positive energy
   (You took it off an orc on level 10 of the Dungeon)
 y - a +0 hat (worn)
   (You found it on level 6 of the Dungeon)
 Q - a +1 pair of boots (worn)
   (You found it on level 9 of the Dungeon)
 S - a +2 cloak (worn)
   (You found it on level 9 of the Dungeon)
Jewellery
 i - a ring of poison resistance (left hand) {rPois, !d}
   (You found it on level 2 of the Dungeon)
Wands
 c - a wand of enslavement (11/24)
   (You found it on level 6 of the Dungeon)
 p - a wand of slowing (25/48)
   (You found it on level 5 of the Dungeon)
 r - a wand of digging (13/24)
   (You found it on level 7 of the Dungeon)
 H - a wand of confusion (27/48)
   (You found it on level 7 of the Dungeon)
 T - a wand of acid (3/15)
   (You found it on level 9 of the Dungeon)
Scrolls
 h - a scroll of enchant armour {unknown}
 m - 6 scrolls of remove curse
 s - a scroll of identify
 v - 4 scrolls of immolation {!r}
 x - 2 scrolls of fear
 z - 3 scrolls of teleportation
 R - a scroll of vulnerability {!r!r}
Potions
 d - 9 potions of curing
 e - 9 potions of flight
 g - a potion of lignification {!q}
 j - a potion of invisibility
 o - 2 potions of brilliance
 q - a potion of cure mutation {unknown}
 u - 2 potions of cancellation
 A - a potion of magic {unknown}
 B - a potion of ambrosia {unknown}
 C - a potion of resistance {unknown}
 D - 4 potions of heal wounds
 E - a potion of mutation {unknown}
 F - 2 potions of might
 G - 2 potions of agility
Comestibles
 f - 3 meat rations {@e2}
 k - 10 fruits
 J - 8 slices of pizza
 K - 4 bread rations {@e1}


   Skills:
 + Level 9.8(9.2) Fighting
 * Level 12.5(11.9) Axes
 + Level 9.6(9.0) Armour
 + Level 8.8(8.2) Dodging


You had 9 spell levels left.
You didn't know any spells.

Dungeon Overview and Level Annotations

Branches:
Dungeon (10/15)            Temple (0/1) D:4            Lair (0/6) D:9
    Orc: D:9-12

Altars:
Ashenzari
Cheibriados
Elyvilon
Hepliaklqana
Kikubaaqudgha
Nemelex Xobeh
Okawaru
Pakellas
Qazlal
Sif Muna
Uskayaw
Vehumet
Xom
The Shining One

Annotations:
D:10 exclusion: obsidian statue


Innate Abilities, Weirdness & Mutations

You reflexively headbutt those who attack you in melee.
You have a pair of horns on your head.


Message History

The orc hits you but does no damage.
You hit the rust devil but do no damage.
You headbutt the rust devil, but do no damage.
You miss the jumping spider. You slash the orc!
You kill the orc!
Trog accepts your kill. The jumping spider pounces on you.
You are caught in a web!
The jumping spider bites you but does no damage.
The rust devil hits you. The rust devil corrodes you!
The neqoxec gestures.
The orc hits you but does no damage. The jumping spider pounces on you.
The jumping spider bites you but does no damage.
You take 4 damage, and have 73/93 hp.
A red film seems to cover your vision as you go berserk!
You feel yourself moving faster!
You feel mighty!
You feel somewhat more hungry. The rust devil hits you.
The rust devil corrodes you! The neqoxec gestures at you.
Something tries to feed on your intellect!
The jumping spider pounces on you but does no damage.
The jumping spider bites you but does no damage.
The deep elf mage gestures wildly while chanting.
The orc barely misses you. The orc hits you but does no damage.
You now have 110/139 hp.
Unknown command.
You are caught in a web!
You disentangle yourself.
You feel a strong urge to attack something.
The jumping spider pounces on you! The jumping spider barely misses you.
The rust devil barely misses you. You furiously retaliate!
You headbutt the rust devil, but do no damage.
You take 9 damage, and have 101/139 hp.
You slash the orc!
You kill the orc!
Trog accepts your kill.
You slash the rust devil! You hit the jumping spider.
The jumping spider leaps!
The orc barely misses you. The rust devil hits you.
The rust devil corrodes you!
Items here: ))) [[[ †† You closely miss the orc.
The crimson imp blinks!
The orc hits you with a trident.
The rust devil evades a web.
You take 1 damage, and have 100/139 hp.
The ufetubus shouts!
You slash the orc!
You kill the orc!
Trog accepts your kill.
You slash the rust devil! The rust devil barely misses you.
You are no longer berserk.
You are exhausted.
You feel yourself slow down.
You are feeling very hungry.
You see here a trident.
You now have 68/93 hp.
You hit the jumping spider but do no damage.
The jumping spider barely misses you.
The jumping spider bites you but does no damage.
The jumping spider leaps!
The rust devil hits you. The rust devil corrodes you!
You take 5 damage, and have 63/93 hp.
You hit the rust devil.
The jumping spider leaps!
The rust devil hits you. The rust devil corrodes you!
The jumping spider pounces on you but does no damage.
The jumping spider bites you. The rust devil hits you.
The rust devil corrodes you!
You take 1 damage, and have 62/93 hp.
You hit the rust devil but do no damage.
You hit the jumping spider but do no damage.
The jumping spider pounces on you. The jumping spider barely misses you.
The deep elf mage points at you and mumbles some strange words.
The bolt of negative energy hits the rust devil.
The rust devil completely resists.
The bolt of negative energy misses you. The jumping spider pounces on you.
You are caught in a web!
The jumping spider bites you but does no damage.
The rust devil hits you. The rust devil corrodes you!
The jumping spider pounces on you but does no damage.
The jumping spider bites you.
You take 14 damage, and have 48/93 hp.
You struggle to detach yourself from the web.
The jumping spider pounces on you.
You are even more entangled.
The jumping spider completely misses you.
The rust devil hits you! The rust devil corrodes you!
The jumping spider barely misses you. You furiously retaliate!
You headbutt the jumping spider. The jumping spider bites you.
The rust devil hits you.
* * * LOW HITPOINT WARNING * * *
The rust devil corrodes you!
You take 21 damage, and have 27/93 hp.
MASSIVE DAMAGE!!
You struggle to detach yourself from the web.
The jumping spider pounces on you.
* * * LOW HITPOINT WARNING * * *
You are even more entangled.
The jumping spider bites you.
* * * LOW HITPOINT WARNING * * *
The jumping spider pounces on you!
* * * LOW HITPOINT WARNING * * *
The jumping spider bites you.
* * * LOW HITPOINT WARNING * * *
The rust devil hits you!
You die...

######## #.....#
.......# #.# #.....#
.......# #.# #.......
.......# #.# .#.......
.......# #.###.#
.......# #.....#
#...####### ##.....##
#...#.....#. #s......#
....#..#..#.. #.@.....#
....#..#..#...#4####..#
....#..#..#...es#
....#..#..#...#3####..#
#'###.....#####535.4..#
...............5....e..
........#..............
........#..............
........#....########..


You could see a sun demon, a rust devil, a deep elf mage, a jumping spider, a
redback, a crimson imp and an ufetubus.

Vanquished Creatures
  2 hill giants (D:10)
  A queen bee (D:9)
  Sigmund (D:6)
  A human (D:8)
  A yak (D:8)
  A hippogriff (D:9)
  A hungry ghost (D:7)
  A hog (D:8)
  Menkaure (D:4)
  3 orc warriors
  3 phantoms
  4 ice beasts
  A necrophage (D:10)
  5 ogres
  2 centaurs (D:9)
  The ghost of aTarkinC the Digger, an amateur FoEE (D:3)
  5 big kobolds
  5 giant frogs
  2 scorpions
  13 killer bees (D:9)
  7 wights (D:8)
  4 howler monkeys
  5 crimson imps
  3 giant frog zombies
  4 jellies
  4 hounds
  8 orc priests
  2 centaur skeletons
  9 orc wizards
  Jessica (D:3)
  3 iguanas
  9 worker ants
  Terence (D:3)
  2 sheep (D:8)
  2 big kobold zombies (Ossuary)
  A hound zombie (D:5)
  8 mummies (Ossuary)
  A worker ant zombie (D:10)
  4 gnolls (D:4)
  13 adders
  A shadow imp (D:7)
  2 adder skeletons
  2 worms
  3 dart slugs
  2 giant geckos
  39 orcs
  6 giant cockroaches
  8 goblins
  9 hobgoblins
  14 jackals
  8 quokkas
  A ball python (D:3)
  12 bats
  2 giant gecko zombies
  8 giant newts
  4 hobgoblin zombies (Ossuary)
  A jackal skeleton (D:6)
  23 kobolds
  2 orc zombies (Ossuary)
  5 rats
297 creatures vanquished.

Vanquished Creatures (others)
  5 plants (D:9)
5 creatures vanquished.

Grand Total: 302 creatures vanquished

Notes
Turn   | Place    | Note
--------------------------------------------------------------
     0 | D:1      | tyvek the Minotaur Berserker began the quest for the Orb.
     0 | D:1      | Reached XP level 1. HP: 19/19 MP: 0/0
   181 | D:1      | Reached XP level 2. HP: 21/27 MP: 1/1
   208 | D:1      | Reached skill level 4 in Fighting
   219 | D:1      | Reached skill level 4 in Axes
   377 | D:1      | Reached ** piety under Trog
   771 | D:1      | Reached XP level 3. HP: 33/33 MP: 2/2
  1032 | D:2      | Found a snail-covered altar of Cheibriados.
  1032 | D:2      | Found a radiant altar of Vehumet.
  1034 | D:2      | Found a shimmering altar of Xom.
  1036 | D:2      | Found an ancient bone altar of Kikubaaqudgha.
  1036 | D:2      | Found a sparkling altar of Nemelex Xobeh.
  1552 | D:3      | Reached skill level 3 in Armour
  1552 | D:3      | Reached XP level 4. HP: 33/41 MP: 3/3
  1674 | D:3      | Noticed aTarkinC's ghost (amateur FoEE)
  1687 | D:3      | Killed aTarkinC's ghost
  1687 | D:3      | Reached skill level 5 in Axes
  1687 | D:3      | Reached skill level 3 in Dodging
  1687 | D:3      | Reached XP level 5. HP: 30/47 MP: 4/4
  1776 | D:3      | Noticed Terence
  1783 | D:3      | Killed Terence
  1787 | D:3      | Reached *** piety under Trog
  1787 | D:3      | Reached skill level 5 in Fighting
  2056 | D:3      | Noticed Jessica
  2058 | D:3      | Killed Jessica
  2227 | D:3      | Reached XP level 6. HP: 42/56 MP: 5/5
  2232 | D:3      | Reached skill level 4 in Armour
  2239 | D:3      | Found an iron altar of Okawaru.
  2613 | D:4      | Got a twisted leather armour
  2617 | D:4      | Found a staircase to the Ecumenical Temple.
  2696 | D:4      | Found a hazy altar of Hepliaklqana.
  2707 | D:4      | Reached skill level 6 in Axes
  2833 | D:4      | Noticed Menkaure
  2855 | D:4      | HP: 10/56 [??? (7)]
  2858 | D:4      | Killed Menkaure
  2858 | D:4      | Reached skill level 4 in Dodging
  2858 | D:4      | Reached XP level 7. HP: 6/62 MP: 6/6
  3293 | D:4      | Reached **** piety under Trog
  3293 | D:4      | Reached skill level 7 in Axes
  3560 | D:4      | Reached skill level 6 in Fighting
  3574 | D:4      | Identified the +2 leather armour of the Trees {*Corrode rPois Str+3} (You found it on level 4 of the Dungeon)
  3751 | D:5      | Entered Level 5 of the Dungeon
  3817 | D:5      | Reached skill level 5 in Armour
  3824 | D:5      | Found an oddly glowing altar of Pakellas.
  3862 | D:5      | Found a shattered altar of Ashenzari.
  4292 | D:5      | Found a glowing golden altar of the Shining One.
  4586 | D:5      | Reached XP level 8. HP: 68/70 MP: 7/7
  4676 | D:5      | Reached skill level 8 in Axes
  4758 | D:5      | Reached skill level 5 in Dodging
  5074 | D:6      | Found a stormy altar of Qazlal.
  5114 | D:6      | Noticed Sigmund
  5123 | D:6      | Killed Sigmund
  5123 | D:6      | Reached skill level 6 in Armour
  5273 | D:6      | Reached skill level 7 in Fighting
  5478 | D:7      | Reached skill level 9 in Axes
  5500 | D:7      | Found a hide-covered altar of Uskayaw.
  5734 | D:7      | Found a sand-covered staircase.
  5743 | Ossuary  | Entered an ossuary
  5763 | Ossuary  | Reached skill level 6 in Dodging
  5763 | Ossuary  | Reached XP level 9. HP: 70/79 MP: 8/8
  6016 | D:7      | Reached skill level 7 in Armour
  6077 | D:7      | Reached ***** piety under Trog
  6281 | D:7      | Reached skill level 10 in Axes
  6422 | D:7      | Found a white marble altar of Elyvilon.
  6722 | D:8      | Reached skill level 8 in Fighting
  6793 | D:8      | Reached skill level 7 in Dodging
  6986 | D:8      | Reached skill level 8 in Armour
  7204 | D:8      | Reached skill level 11 in Axes
  7426 | D:8      | Reached XP level 10. HP: 76/90 MP: 9/9
  7561 | D:9      | Found a deep blue altar of Sif Muna.
  7722 | D:9      | Found a staircase to the Lair.
  7762 | D:9      | Reached skill level 9 in Fighting
  8009 | D:9      | Reached skill level 8 in Dodging
  8282 | D:9      | Reached ****** piety under Trog
  8282 | D:9      | Reached skill level 9 in Armour
  8296 | D:9      | Received a gift from Trog
  8645 | D:10     | Entered Level 10 of the Dungeon
  8645 | D:10     | Noticed a hill giant
  8652 | D:10     | Killed a hill giant
  8652 | D:10     | Reached skill level 12 in Axes
  8766 | D:10     | Noticed a hill giant
  8775 | D:10     | Killed a hill giant
  8934 | D:10     | Noticed an obsidian statue
  9221 | D:10     | Noticed a deep elf mage
  9224 | D:10     | Noticed a rust devil
  9233 | D:10     | Noticed a sun demon
  9243 | D:10     | HP: 23/93 [jumping spider[a deep elf mage] (5)]
  9243 | D:10     | HP: 9/93 [jumping spider[a deep elf mage] (4)]
  9243 | D:10     | Slain by a rust devil

Vault maps used:
D:1:      eino_arrival_cavern_d, interstate_on_off
D:2:      grunt_temple_overflow_open
D:3:      lemuel_coloured_pillars_altar, kennysheep_generic_room_13,
          uniq_jessica, uniq_terence
D:4:      lemuel_round_altar, first_bread, uniq_menkaure
D:5:      kennysheep_six_static_rooms, tso_metal_star, ashenzari_altar_1,
          serial_bayou_pond_a, grunt_pakellas_basics
D:6:      nicolae_qazlal_eye_of_the_storm, uniq_sigmund
D:7:      lemuel_doored_altar, kennysheep_little_box,
          lightli_ossuary_entry_decrepit_ruins
D:8:      grunt_livestock
D:9:      nicolae_overflow_crystal_walls, lair_0_dummy,
          nicolae_looking_at_the_future
D:10:     minmay_protected_statue
Ossuary:  ossuary_tomb_3

Skill      XL: |  1  2  3  4  5  6  7  8  9 10 |
---------------+-------------------------------+-----
Fighting       | 4 5 6 7 8 9 |  9.8
Axes           | 4 5 6 7 9 11 12 | 12.5
Armour         | 3 4 5 6 8 9 |  9.6
Dodging        | 3 4 6 7 8 |  8.8

Action                   |  1- 3 |  4- 6 |  7- 9 | 10-12 || total
-------------------------+-------+-------+-------+-------++-------
Melee: Hand axe          |    82 |   116 |   121 |       ||   319
       Headbutt          |    14 |    23 |    74 |    22 ||   133
       War axe           |       |       |   225 |       ||   225
       Battleaxe         |       |       |    63 |   140 ||   203
Invok: Berserk           |       |     2 |     2 |     3 ||     7
       Trog's Hand       |       |       |     1 |     1 ||     2
  Use: Scroll            |       |     1 |     7 |    12 ||    20
       Potion            |       |       |     1 |       ||     1
 Stab: Sleeping          |     2 |       |       |       ||     2
  Eat: Chunk             |     2 |     4 |    11 |     6 ||    23
       Bread ration      |       |     1 |     1 |       ||     2
       Meat ration       |       |       |     2 |       ||     2
       Pizza             |       |       |     1 |       ||     1
       Beef jerky        |       |       |       |     2 ||     2
Armor: Animal skin       |     8 |       |       |       ||     8
       Chain mail        |    29 |     9 |       |       ||    38
       Plate armour      |       |    71 |   252 |   115 ||   438
Dodge: Dodged            |    50 |    42 |   162 |   136 ||   390

Vault maps used:
D:1:      eino_arrival_cavern_d, interstate_on_off
D:2:      grunt_temple_overflow_open
D:3:      lemuel_coloured_pillars_altar, kennysheep_generic_room_13,
          uniq_jessica, uniq_terence
D:4:      lemuel_round_altar, first_bread, uniq_menkaure
D:5:      kennysheep_six_static_rooms, tso_metal_star, ashenzari_altar_1,
          serial_bayou_pond_a, grunt_pakellas_basics
D:6:      nicolae_qazlal_eye_of_the_storm, uniq_sigmund
D:7:      lemuel_doored_altar, kennysheep_little_box,
          lightli_ossuary_entry_decrepit_ruins
D:8:      grunt_livestock
D:9:      nicolae_overflow_crystal_walls, lair_0_dummy,
          nicolae_looking_at_the_future
D:10:     minmay_protected_statue
Ossuary:  ossuary_tomb_3

Table legend:
 A = Turns spent in this place as a percentage of turns spent in the entire game.
 B = Non-inter-level travel turns spent in this place as a percentage of non-inter-level travel turns spent in the entire game.
 C = Inter-level travel turns spent in this place as a percentage of turns spent in this place.
 D = Turns resting spent in this place as a percentage of non-inter-level travel turns spent in this place.
 E = Turns spent auto-exploring this place as a percentage of non-inter-level travel turns spent in this place.
 F = Non-inter-level travel turns spent in this place divided by the number of levels of this place that you've seen.
                   A       B       C       D       E      F
               +-------+-------+-------+-------+-------+----------------------
         Total | 100.0 | 100.0 |   0.6 |   1.7 |  13.1 | 257.9
       Dungeon |  96.2 |  96.2 |   0.6 |   1.7 |  12.8 | 272.9
       Ossuary |   3.8 |   3.8 |   0.0 |   0.0 |  22.2 | 108.0
               +-------+-------+-------+-------+-------+----------------------

Table legend:
 A = Kills in this place as a percentage of kills in entire the game.
 B = Kills by you in this place as a percentage of kills by you in the entire game.
 C = Kills by friends in this place as a percentage of kills by friends in the entire game.
 D = Other kills in this place as a percentage of other kills in the entire game.
 E = Experience gained in this place as a percentage of experience gained in the entire game.
 F = Experience gained in this place divided by the number of levels of this place that you have seen.
                   A       B       C       D       E      F
               +-------+-------+-------+-------+-------+----------------------
         Total | 100.0 | 100.0 |  -nan |  -nan | 100.0 | 975.6
       Dungeon |  94.6 |  94.6 |  -nan |  -nan |  98.1 | 1052.5
       Ossuary |   5.4 |   5.4 |  -nan |  -nan |   1.9 | 207.0
               +-------+-------+-------+-------+-------+----------------------
